 Dungeon Crawl Stone Soup version 0.21.1-1-g345015f (webtiles) character file.

67 inc the Vexing (level 4, 18/18 HPs)
             Began as a Felid Enchanter on Feb 23, 2018.
             Was an Initiate of Sif Muna.
             Quit the game on level 4 of the Dungeon.
             The game lasted 00:07:15 (2102 turns).

inc the Vexing (Felid Enchanter)                    Turns: 2102, Time: 00:07:15

Health: 18/18      AC:  1    Str:  4    XL:     4   Next: 0%
Magic:  17/17      EV: 18    Int: 17    God:    Sif Muna [......]
Gold:   60         SH:  0    Dex: 17    Spells: 1/7 levels left
                                        Lives:  0   Deaths: 1

rFire    . . .     SeeInvis +     - Unarmed
rCold    . . .     Gourm    .   (shield unavailable)
rNeg     . . .     Faith    .   (armour unavailable)
rPois    .         Spirit   .   (helmet unavailable)
rElec    .         Reflect  .   (cloak unavailable)
rCorr    .         Harm     .   (gloves unavailable)
MR       .....                  (boots unavailable)
Stlth    +++.......             e - amulet of magic regeneration
HPRegen  0.06/turn              d - ring of magical power (curse)
MPRegen  0.40/turn              (no ring)

@: quick
A: very small, no armour, no weapons or thrown items, stealth, claws 1, fangs 3,
see invisible, carnivore, speed 1, shaggy fur 1, slow metabolism 1, sharp paws
a: Renounce Religion


You were on level 4 of the Dungeon.
You worshipped Sif Muna.
Sif Muna was noncommittal.
You were not hungry.

You visited 2 branches of the dungeon, and saw 5 of its levels.

You collected 60 gold pieces.

Inventory:

Jewellery
 d - a cursed ring of magical power (left paw)
 e - an amulet of magic regeneration (around neck)
Scrolls
 c - 2 scrolls of remove curse {unknown}
 f - a scroll of teleportation {unknown}
 h - a scroll of identify {unknown}
Potions
 g - a potion of heal wounds {unknown}
 j - 2 potions of berserk rage {unknown}
Books
 a - a book of Maledictions

   Spells                             Type                      Level
   a - Corona                         Hexes                        1
   b - Ensorcelled Hibernation        Hexes/Ice                    2
   c - Confuse                        Hexes                        3
   d - Tukima's Dance                 Hexes                        3
   e - Dazzling Spray                 Conjuration/Hexes            3
Comestibles
 b - 5 rations


   Skills:
 - Level 2.6 Dodging
 - Level 5.0 Stealth
 - Level 2.1 Unarmed Combat
 - Level 2.0 Spellcasting
 + Level 5.1 Hexes
 + Level 2.8 Ice Magic


You had one spell level left.
You knew the following spells:

 Your Spells              Type           Power        Failure   Level  Hunger
a - Corona                Hex            ###....      2%          1    #......
b - Ensorcelled Hibernat  Hex/Ice        ###...       6%          2    ###....
c - Confuse               Hex            ###.....     7%          3    ###....


Dungeon Overview and Level Annotations

Branches:
Dungeon (4/15)             Temple (1/1) D:4

Altars:
Ashenzari
Cheibriados
Dithmenos
Elyvilon
Fedhas
Hepliaklqana
Kikubaaqudgha
Nemelex Xobeh
Okawaru
Qazlal
Sif Muna
Trog
Uskayaw
Vehumet
Wu Jian
Yredelemnul
Zin


Innate Abilities, Weirdness & Mutations

You cannot wear armour.
You are incapable of wielding weapons or throwing items.
Your paws allow you to move quietly. (Stealth)
You have sharp claws.
You have razor-sharp teeth.
You have supernaturally acute eyesight. (SInv)
You are carnivorous and can eat meat at any time.
You cover ground quickly.
You are covered in fur. (AC +1)
You have a slow metabolism.
Your sharp claws are effective at attacking unaware monsters.


Message History

The ogre resists with some effort.
There is a fountain of clear blue water here.
Casting: Ensorcelled Hibernation
Confirm with . or Enter, or press ? or * to list all spells.
Aiming: Ensorcelled Hibernation
Press: ? - help, Shift-Dir - straight line, f/p - ogre
Aim: an ogre, wielding a giant club (chance to defeat MR: 46%)
The ogre resists with some effort.
There is a fountain of clear blue water here.
Casting: Ensorcelled Hibernation
Confirm with . or Enter, or press ? or * to list all spells.
Aiming: Ensorcelled Hibernation
Press: ? - help, Shift-Dir - straight line, f/p - ogre
Aim: an ogre, wielding a giant club (chance to defeat MR: 46%)
The ogre resists with some effort.
The ogre hits you with a giant club!!
Ouch! That really hurt!
You die...
You are now level 4!
You rejoin the land of the living...
Are you sure you want to abandon this character and quit the game? (Confirm with "yes".)

###########
#.........#
#.....@...#
#.........#
#.........#
#####.........#
..............# #####
.....##.####.#####...#
.....##.##.........#.#
.......?...##.######.#
....##.#####.# #.#


There were no monsters in sight!

Vanquished Creatures
  2 hounds
  An iguana (D:4)
  2 adders
  2 oozes
  A worm (D:4)
  A leopard gecko (D:4)
  5 orcs (D:3)
  2 giant cockroaches
  3 hobgoblins
  A kobold (D:2)
  A ball python (D:3)
  A frilled lizard (D:2)
  A rat (D:1)
23 creatures vanquished.

Notes
Turn   | Place    | Note
-------+----------+-------------------------------------------
     0 | D:1      | inc the Felid Enchanter began the quest for the Orb.
     0 | D:1      | Reached XP level 1. HP: 7/7 MP: 4/4
   286 | D:2      | Reached XP level 2. HP: 11/11 MP: 6/6
   298 | D:1      | Learned a level 2 spell: Ensorcelled Hibernation
   805 | D:3      | Reached skill level 1 in Ice Magic
   867 | D:3      | Reached XP level 3. HP: 10/14 MP: 7/7
   970 | D:3      | Found a blossoming altar of Fedhas.
   994 | D:4      | Noticed an ogre
  1413 | D:4      | Found a staircase to the Ecumenical Temple.
  1423 | Temple   | Entered the Ecumenical Temple
  1448 | Temple   | Reached skill level 5 in Stealth
  1448 | Temple   | Reached XP level 4. HP: 4/18 MP: 8/8
  1939 | Temple   | Became a worshipper of Sif Muna the Loreminder
  1978 | D:4      | Learned a level 3 spell: Confuse
  2033 | D:4      | Reached skill level 5 in Hexes
  2033 | D:4      | Reached XP level 5. HP: 15/21 MP: 9/9
  2101 | D:4      | Slain by an ogre
  2102 | D:4      | Reached XP level 4. HP: -5/18 MP: 16/17
  2102 | D:4      | Quit the game

Skill      XL: |  1  2  3  4 |
---------------+-------------+-----
Unarmed Combat | 2 |  2.1
Ice Magic      | 1 2 |  2.8
Stealth        | 5 |  5.0
Hexes          | 5 |  5.1
Dodging        | |  2.6
Spellcasting   | |  2.0

Action                   |  1- 3 |  4- 6 || total
-------------------------+-------+-------++-------
Melee: Unarmed           |    51 |     7 ||    58
       Bite              |     6 |     1 ||     7
 Cast: Corona            |     5 |     1 ||     6
       Ensorcelled Hiber |    38 |     5 ||    43
 Stab: Sleeping          |    18 |     3 ||    21
  Eat: Chunk             |     5 |     3 ||     8
Armor: Skin              |     2 |       ||     2
Dodge: Dodged            |    57 |     7 ||    64
